[Event "Early-Titled-Tuesday-Blitz-September-12-2023"]
[Site "Chess.com"]
[Date "2023.09.12"]
[Round "8"]
[White "Dewarfd"]
[Black "C_K_G"]
[Result "1-0"]
[WhiteElo "2174"]
[BlackElo "1999"]
[TimeControl "180+1"]
[EndTime "9:28:37 PDT"]
[Termination "Dewarfd won on time"]

1. d4 d5 2. e3 e6 3. Nf3 Nf6 4.
Bd3 c5 5. b3 Nc6 6. Bb2 Bd6 7.
O-O O-O 8. a3 Re8 9. Nbd2 e5 10.
dxe5 Nxe5 11. Nxe5 Bxe5 12. Bxe5 Rxe5 13. Nf3 Rh5 14. c4 Bg4 15. Be2 Qd6 16. h3 Bxh3 17. gxh3 Rxh3 18. Kg2 Rh6 19. Rh1 Rg6+ 20. Kf1 Rd8 21.
Qd3 Qe6 22. Rh4 Rd7 23. Rd1 dxc4 24. Qxc4 Rxd1+ 25. Bxd1 Qd6 26. Be2 h6 27. Qd3 Qe7 28. Qf5 Nd7 29. Re4 Qd8 30. Bb5 Nf8 31. Ke2 a6 32.
Re8 1-0

[Event "Early-Titled-Tuesday-Blitz-September-12-2023"]
[Site "Chess.com"]
[Date "2023.09.12"]
[Round "8"]
[White "Good_Knight_Kiss"]
[Black "MANOJ_MISHRA123"]
[Result "0-1"]
[WhiteElo "2390"]
[BlackElo "2237"]
[TimeControl "180+1"]
[EndTime "9:28:37 PDT"]
[Termination "MANOJ_MISHRA123 won on time"]

1. e4 c6 2. d4 d5 3. e5 c5 4.
dxc5 Nc6 5. Bb5 e6 6. Be3 Ne7 7. c3 Bd7 8. Nf3 Nxe5 9. Nxe5 Bxb5 10. Na3 Bd7 11. O-O Nf5 12. Bd4 Qc7 13. b4 a5 14.
Nxd7 Qxd7 15. Nc2 Be7 16. Re1 O-O 17. a3 Qa4 18. Qd3 Qb3 19. Reb1 Qa4 20. bxa5 Rxa5 21. Rb4 Qc6 22. Rb6 Qc8 23. Rab1 Bxc5 24. Rxb7 Bxd4 25.
cxd4 Nd6 26. R7b3 Qc4 27. Ne3 Qxd3 28. Rxd3 Rfa8 29. Rbb3 g6 30. g3 Nc4 31. Ng4 Rxa3 32.
Rxa3 Rxa3 33. Rxa3 Nxa3 34. Ne3 Nb5 35. Nc2 Kf8 36. Kf1 Ke7 37. Ke2 Kd6 38. Kd3 f6 39. f4 Na7 40. g4 Nc6 41. Ne3 e5 42. fxe5+ fxe5 43. dxe5+ Nxe5+ 44. Ke2 Nc4 45. Ng2 Ke5 46. h3 Ke4 47. Kf2 d4 0-1

[Event "Early-Titled-Tuesday-Blitz-September-12-2023"]
[Site "Chess.com"]
[Date "2023.09.12"]
[Round "8"]
[White "Cayse"]
[Black "tdf98pantani"]
[Result "0-1"]
[WhiteElo "2845"]
[BlackElo "2746"]
[TimeControl "180+1"]
[EndTime "9:28:39 PDT"]
[Termination "tdf98pantani won by resignation"]

1. e4 c5 2. Nf3 a6 3. c4 e6 4. Nc3 Nc6 5. d4 cxd4 6. Nxd4 Bc5 7. Nxc6 bxc6 8. Bd3 d6 9. O-O Nf6 10. Kh1 e5 11. f4 O-O 12. Qf3 exf4 13. Bxf4 Bd4 14. Rad1 Qe7 15. h3 Be6 16. Bb1 Be5 17. b3 Nd7 18.
Ne2 f6 19. Bxe5 dxe5 20. Nc3 Nc5 21. Qe3 a5 22. Rd2 Rfd8 23. Rfd1 Rxd2 24. Rxd2 Rb8 25. Bc2 Rb7 26. Kh2 Rd7 27. Rxd7 Bxd7 28. Bd1 g6 29. a3 Ne6 30. Qa7 Qd6 31. Bg4 Qd4 32.
Qxd4 exd4 33. Na4 h5 34. Bxe6+ Bxe6 35. Kg3 g5 36. Kf3 h4 37. Nc5 Bc8 38. Ke2 f5 39. Kd3 f4 40. Kxd4 f3 41. gxf3 Bxh3 42. Ke3 Kf7 43.
Nb7 a4 44. bxa4 Bf1 45. a5 h3 46. Kf2 h2 0-1

[Event "Early-Titled-Tuesday-Blitz-September-12-2023"]
[Site "Chess.com"]
[Date "2023.09.12"]
[Round "8"]
[White "FoxOnTheRun97"]
[Black "the_chess_child"]
[Result "0-1"]
[WhiteElo "2564"]
[BlackElo "2891"]
[TimeControl "180+1"]
[EndTime "9:28:40 PDT"]
[Termination "the_chess_child won on time"]

1. d4 Nf6 2. Bg5 g6 3. Nd2 Bg7 4. e3 O-O 5. Ngf3 d6 6. c3 Nbd7 7. Be2 h6 8. Bh4 e5 9. O-O Qe8 10. dxe5 dxe5 11. a4 a6 12. Nc4 e4 13. Nd4 Ne5 14. Bg3 Nxc4 15. Bxc4 Bg4 16. Qb3 c5 17. Nc2 Qc6 18. h3 Bf5 19. Rfd1 Rfd8 20. Bxf7+ Kh7 21. Bc4 Rd3 22. Ne1 Rad8 23. a5 Rd2 24. Rxd2 Rxd2 25.
Qb6 Qxb6 26. axb6 Rxb2 27. Bc7 Nd7 28. Bd5 Nxb6 29. Bxb7 Bxc3 30. Bxa6 Nd5 31. Ba5 Bxa5 32. Rxa5 Rb1 33. Kf1 Nb4 34. Ke2 Rb2+ 35. Kd1 Rxf2 36.
Bc4 Nd3 37. Bxd3 exd3 38. Rxc5 d2 39. Nf3 Rxg2 40. Nxd2 Bxh3 41. Ke1 h5 42. Nf3 Bg4 43. Ng5+ Kh6 44. Nf7+ Kg7 45. Rc7 Kf6 46. Kf1 Ra2 47.
Nd6 Ke5 48. Nc4+ Ke4 49. Re7+ Kf3 50. Rf7+ Kg3 51. Ke1 Re2+ 52. Kf1 Rc2 0-1

[Event "Early-Titled-Tuesday-Blitz-September-12-2023"]
[Site "Chess.com"]
[Date "2023.09.12"]
[Round "8"]
[White "LuisFSiles"]
[Black "Bastiandash"]
[Result "0-1"]
[WhiteElo "2377"]
[BlackElo "2553"]
[TimeControl "180+1"]
[EndTime "9:28:40 PDT"]
[Termination "Bastiandash won on time"]

1. e4 c5 2. Nf3 e6 3. c3 Nf6 4. e5 Nd5 5. Bc4 d6 6. d4 cxd4 7. cxd4 Be7 8. O-O O-O 9. Qe2 Nc6 10. Bd2 Qb6 11. Nc3 dxe5 12. Bxd5 exd5 13. Nxd5 Qd8 14.
Nxe7+ Qxe7 15. dxe5 Bg4 16. Bc3 Bxf3 17. Qxf3 Nxe5 18. Qe4 Nc6 19. Qxe7 Nxe7 20. Bb4 Rfe8 21. Rfd1 Nc6 22. Bc3 Rad8 23. Kf1 f6 24. Rxd8 Rxd8 25. Ke2 Re8+ 26. Kd3 Kf7 27. b4 Rd8+ 28. Kc4 Rc8 29. Rd1 Rc7 30. b5 Nd4+ 31. Kb4 Nxb5 32. Kxb5 Rxc3 33.
Rd7+ Kg6 34. Rxb7 Ra3 0-1

[Event "Early-Titled-Tuesday-Blitz-September-12-2023"]
[Site "Chess.com"]
[Date "2023.09.12"]
[Round "8"]
[White "AndresDelgado77"]
[Black "GamayevOleg"]
[Result "0-1"]
[WhiteElo "2304"]
[BlackElo "2466"]
[TimeControl "180+1"]
[EndTime "9:28:41 PDT"]
[Termination "GamayevOleg won on time"]

1. e4 d6 2. d4 Nf6 3. Nc3 g6 4.
Bg5 Bg7 5. e5 Nfd7 6. Nd5 f6 7.
exf6 exf6 8. Qe2+ Kf8 9. Bf4 Nb6 10. Qf3 Nc6 11. O-O-O Bg4 12. Qxg4 Nxd5 13. Bg3 Qc8 14. Qf3 Qf5 15. Qxf5 gxf5 16. Bc4 Nde7 17. Be6 Nd8 18. Bd7 Nf7 19. Ne2 Rd8 20. Be6 Ng5 21. Nf4 Ng6 22. Bxf5 Nxf4 23. Bxf4 Bh6 24. h4 Nf7 25. Bxh6+ Nxh6 26. Be6 Kg7 27. d5 Rde8 28. Rde1 f5 29. f4 Kf6 30. g3 Re7 31. Kd2 Rhe8 32. c4 b6 33.
a4 a5 34. Bd7 Rxe1 35. Rxe1 Rxe1 36. Kxe1 Ng4 37. Ke2 Kg6 38. Kf3 Nf6 39. Bc6 Ne4 40. g4 Nd2+ 41. Ke2 Nxc4 42. b3 Na3 43. Be8+ Kf6 44.
g5+ Ke7 45. Bb5 Nc2 46. Bd3 Nb4 47. Bxf5 Nxd5 0-1

[Event "Early-Titled-Tuesday-Blitz-September-12-2023"]
[Site "Chess.com"]
[Date "2023.09.12"]
[Round "8"]
[White "campochess"]
[Black "RamonManon0g"]
[Result "0-1"]
[WhiteElo "2117"]
[BlackElo "2300"]
[TimeControl "180+1"]
[EndTime "9:28:41 PDT"]
[Termination "RamonManon0g won by checkmate"]

1. d4 Nf6 2. Bg5 e6 3. e4 h6 4. Bxf6 Qxf6 5. Nf3 c5 6. c3 cxd4 7. Nxd4 Nc6 8. Nxc6 bxc6 9. Nd2 Rb8 10. Nb3 Qf4 11. Qf3 Qxf3 12. gxf3 a5 13. O-O-O a4 14. Nd2 Bc5 15. Nc4 Bxf2 16. Rd2 Bc5 17. Kc2 Ke7 18. Rg2 g6 19. Nd2 d5 20. Bd3 Rd8 21. Re1 Rb6 22.
b4 axb3+ 23. Nxb3 Ba3 24. f4 c5 25. exd5 Rxd5 26. Bc4 Rf5 27. Rf2 Rd6 28. Re5 Bb7 29. Rxf5 gxf5 30. Rd2 Be4+ 31. Kd1 Bb2 32. Nxc5 Bxc3 33.
Rxd6 Kxd6 34. Nxe4+ fxe4 35. Ke2 Bd4 36. Bb5 f6 37. h3 e5 38. fxe5+ Kxe5 39. Bc6 f5 40. a4 f4 41. a5 f3+ 42. Kf1 Kf4 43.
a6 e3 44. Bb5 Kg3 45. h4 Kxh4 46.
Bc6 Kg3 47. Bb5 h5 48. Bd7 e2+ 49. Ke1 Bc3# 0-1

[Event "Early-Titled-Tuesday-Blitz-September-12-2023"]
[Site "Chess.com"]
[Date "2023.09.12"]
[Round "8"]
[White "Arystanner"]
[Black "Agibileg"]
[Result "1-0"]
[WhiteElo "2839"]
[BlackElo "2639"]
[TimeControl "180+1"]
[EndTime "9:28:42 PDT"]
[Termination "Arystanner won by resignation"]

1. d4 Nf6 2. c4 g6 3. Nc3 Bg7 4. e4 d6 5. Be2 O-O 6. Be3 e5 7. d5 Na6 8. h4 Nc5 9. Qc2 h5 10. b4 Ncxe4 11. Nxe4 Nxe4 12. Bd3 f5 13. Rd1 Nf6 14.
Bg5 a5 15. b5 a4 16. Nh3 b6 17.
O-O Qe8 18. Rfe1 Nh7 19. Bc1 Bf6 20. Ng5 Nxg5 21. hxg5 Bg7 22. Bf1 f4 23. Bd3 Bf5 24. Be4 Qd8 25. f3 Qxg5 26. Bxf5 Rxf5 27. Qf2 Qf6 28.
Kf1 g5 29. Ke2 g4 30. Kd3 e4+ 31. Rxe4 Qc3+ 32. Ke2 Re5 33. Rxe5 Qxc4+ 34. Ke1 Bxe5 35. Qe2 Qxe2+ 36. Kxe2 Ra5 37. Rh1 Rxb5 38. Rxh5 gxf3+ 39. gxf3 Rxd5 40. Bxf4 Rc5 41. Bd2 Rc2 42. Kd3 Rxa2 43.
f4 Bf6 44. Rh6 Rxd2+ 45. Kxd2 a3 46. Rxf6 a2 47. Rg6+ Kf7 48. Rg1 Kf6 49. Ra1 Kf5 50. Ke3 1-0

[Event "Early-Titled-Tuesday-Blitz-September-12-2023"]
[Site "Chess.com"]
[Date "2023.09.12"]
[Round "8"]
[White "Masterbeaterr"]
[Black "Djager97"]
[Result "1-0"]
[WhiteElo "2413"]
[BlackElo "2524"]
[TimeControl "180+1"]
[EndTime "9:28:42 PDT"]
[Termination "Masterbeaterr won by resignation"]

1. d4 d5 2. c4 e6 3. Nc3 c6 4. e4 Bb4 5. cxd5 exd5 6. e5 Ne7 7. Nf3 c5 8. a3 Ba5 9. Bb5+ Nbc6 10. O-O O-O 11. dxc5 Bxc3 12. bxc3 Bg4 13. h3 Bh5 14. Re1 Qa5 15. Qd3 Bxf3 16. gxf3 Ng6 17. Bxc6 bxc6 18. Bd2 Qxc5 19. f4 Rae8 20. Be3 Qe7 21. c4 Qh4 22. Qf5 d4 23. Bd2 c5 24. Rab1 Qe7 25.
Rb5 a6 26. Rb6 Nh4 27. Qg4 g6 28. Reb1 h5 29. Qg3 Nf5 30. Qf3 Rd8 31. Rxa6 Rb8 32. Rab6 Rxb6 33. Rxb6 Kg7 34. a4 Qd7 35. a5 Qa4 36.
Qb3 Qa1+ 37. Qb1 Qa3 38. Rb3 Qa4 39. Qd3 Ra8 40. Kh2 Qa1 41. Rb1 Qa2 42. Be1 Qa4 43. Qb3 Qc6 44. Qb7 Qe8 45. a6 d3 46. a7 Nd4 47. Bc3 Ne2 48. Bd2 Qd8 49. Qb8 Qd4 50.
Qxa8 Qxf2+ 51. Qg2 1-0

[Event "Early-Titled-Tuesday-Blitz-September-12-2023"]
[Site "Chess.com"]
[Date "2023.09.12"]
[Round "8"]
[White "HanSchut"]
[Black "LeoLV10"]
[Result "1/2-1/2"]
[WhiteElo "2280"]
[BlackElo "2484"]
[TimeControl "180+1"]
[EndTime "9:28:43 PDT"]
[Termination "Game drawn by repetition"]

1. e4 c6 2. d4 d5 3. exd5 cxd5 4.
c4 Nf6 5. Nc3 Nc6 6. Nf3 Be6 7. c5 g6 8. Bb5 Bg7 9. Ne5 Bd7 10.
Nxd7 Qxd7 11. O-O O-O 12. Re1 Rfe8 13. Bg5 Rad8 14. Qd2 Qf5 15. h3 Ne4 16. Nxe4 dxe4 17. Bxc6 bxc6 18. Be3 e5 19. Qa5 exd4 20. Bc1 Rd7 21. Qa4 Qxc5 22. Bf4 Rde7 23. Rac1 Qf5 24. Bg3 e3 25. Qxc6 Bh6 26. Rcd1 d3 27. fxe3 Bxe3+ 28. Kh1 d2 29. Rf1 Qd3 30. Qf3 Qc2 31. Bh4 Rd7 32.
Qe2 Qd3 33. Qf3 Bh6 34. Qf2 Qd5 35. Bf6 Rc7 36. Bc3 Rd7 37. Qf6 Kf8 38. Bb4+ Kg8 39. Bc3 Kf8 40. Bb4+ Kg8 41. Bc3 1/2-1/2

[Event "Early-Titled-Tuesday-Blitz-September-12-2023"]
[Site "Chess.com"]
[Date "2023.09.12"]
[Round "8"]
[White "GaalZsoka"]
[Black "Young_Catalan_Player09"]
[Result "1-0"]
[WhiteElo "2483"]
[BlackElo "2448"]
[TimeControl "180+1"]
[EndTime "9:28:43 PDT"]
[Termination "GaalZsoka won by resignation"]

1. Nf3 Nf6 2. g3 d5 3. Bg2 Bf5 4. O-O e6 5. c4 c6 6. Qb3 Qb6 7. d3 Nbd7 8. cxd5 cxd5 9. Be3 Bc5 10. Qxb6 Bxb6 11. Nc3 Bxe3 12. fxe3 h6 13. Nd4 Bg6 14. Ncb5 Ke7 15. Rac1 a6 16. Nc3 Rac8 17. Na4 Kd6 18. b4 b5 19. Nb2 e5 20. Nb3 h5 21. a4 h4 22. Na5 hxg3 23. hxg3 Ng4 24. Nb7+ Ke7 25. axb5 axb5 26. Rxc8 Rxc8 27. Nd1 e4 28.
Bh3 Nge5 29. d4 Nc4 30. Bxd7 Kxd7 31. Nc5+ Kc6 32. Nc3 Ra8 33. Kf2 Ra3 34. Rc1 f6 35. Ne6 Ra7 36. Nd8+ Kb6 37. Nxd5+ Ka6 38. Nc6 Rd7 39.
Ra1+ Kb7 40. Nde7 Bf7 41. Ra7+ Kb6 42. Rxd7 1-0

[Event "Early-Titled-Tuesday-Blitz-September-12-2023"]
[Site "Chess.com"]
[Date "2023.09.12"]
[Round "8"]
[White "BeautiFullMindChess"]
[Black "AniJak"]
[Result "0-1"]
[WhiteElo "2195"]
[BlackElo "2390"]
[TimeControl "180+1"]
[EndTime "9:28:43 PDT"]
[Termination "AniJak won by checkmate"]

1. e4 c6 2. d4 d5 3. exd5 cxd5 4.
Bd3 Nc6 5. c3 Nf6 6. h3 g6 7.
Bf4 Bg7 8. Nf3 Bf5 9. Be2 O-O 10.
O-O Ne4 11. Nbd2 Nxd2 12. Nxd2 e5 13. dxe5 Nxe5 14. Nb3 Nc4 15. Nd4 Be6 16. Bxc4 dxc4 17. Be3 Bd5 18. Re1 a6 19. Qd2 b5 20. Bh6 Bb7 21. Bxg7 Kxg7 22. Rad1 Qf6 23. Qe3 Rad8 24. Qg3 Rd5 25. Qc7 Ba8 26. Ne6+ Qxe6 27. Rxe6 Rxd1+ 28. Kh2 Kg8 29. Re2 Bd5 30. f3 Rd3 31. Kg3 Be6 32. h4 Rfd8 33. h5 R8d7 34. Qc8+ Kg7 35. Qxa6 R7d5 36.
hxg6 hxg6 37. a4 Rg5+ 38. Kf4 Rf5+ 39. Ke4 Bd5# 0-1

[Event "Early-Titled-Tuesday-Blitz-September-12-2023"]
[Site "Chess.com"]
[Date "2023.09.12"]
[Round "8"]
[White "tylityli"]
[Black "the-gambler"]
[Result "1/2-1/2"]
[WhiteElo "2319"]
[BlackElo "2500"]
[TimeControl "180+1"]
[EndTime "9:28:44 PDT"]
[Termination "Game drawn by repetition"]

1. d4 Nf6 2. c4 g6 3. Nc3 d5 4. cxd5 Nxd5 5. Bd2 Nb6 6. Bf4 Bg7 7. e3 O-O 8. Nf3 Nc6 9. h3 Bf5 10. Bd3 Bxd3 11. Qxd3 e5 12. Bg5 f6 13. Bh4 exd4 14. Nxd4 Nxd4 15. Qxd4 Qxd4 16. exd4 g5 17. Bg3 f5 18.
Bxc7 Rfe8+ 19. Kd2 Bxd4 20. Bxb6 Bxb6 21. Rhf1 Rad8+ 22. Kc2 Kf7 23. f3 Bd4 24. Rfe1 Bxc3 25. bxc3 h5 26.
a4 Rc8 27. a5 Re6 28. Rxe6 Kxe6 29. Rb1 Rc7 30. Rb5 h4 31. Kd3 Rd7+ 32. Ke3 Kf6 33.
c4 Rc7 34. Kd3 Rd7+ 35. Ke3 Re7+ 36. Kd3 Re5 37. Rxb7 Rxa5 38. c5 Rxc5 39. Rxa7 Ke5 40. Ra4 Rb5 41. Ke2 Rb2+ 42. Kf1 Rd2 43. Kg1 Rd4 44.
Ra5+ Kf4 45. Kh2 Rc4 46. Ra8 Rd4 47. Re8 Rd2 48. Re7 g4 49. fxg4 fxg4 50. hxg4 Kxg4 51. Rg7+ Kh5 52. Rh7+ Kg5 53. Rg7+ Kf4 54. Rh7 Kg5 55. Rg7+ Kf5 56. Rh7 Kg5 1/2-1/2

[Event "Early-Titled-Tuesday-Blitz-September-12-2023"]
[Site "Chess.com"]
[Date "2023.09.12"]
[Round "8"]
[White "Gazaman_Empire"]
[Black "bennyficial"]
[Result "1-0"]
[WhiteElo "2003"]
[BlackElo "2119"]
[TimeControl "180+1"]
[EndTime "9:28:44 PDT"]
[Termination "Gazaman_Empire won by checkmate"]

1. d4 Nf6 2. c4 e6 3. Nc3 Bb4 4. Bg5 c5 5. e3 h6 6. Bxf6 Qxf6 7. Nf3 O-O 8. Bd3 Nc6 9. O-O cxd4 10. exd4 Bxc3 11. bxc3 d5 12. Rb1 b6 13. cxd5 exd5 14. Qb3 Rd8 15. Rfe1 Bf5 16. Bxf5 Qxf5 17. Ne5 Rac8 18.
Re3 Nxe5 19. Rxe5 Qd3 20. Rc1 Rc4 21. h3 f6 22. Re3 Qf5 23. Rce1 Kh7 24. Re7 Rdc8 25.
R1e3 R8c7 26. Qa3 h5 27. Rf3 Qg5 28. Rxc7 Rxc7 29. Kh2 Qd2 30. g3 Kh6 31. Kg2 Qe2 32. Qd6 Re7 33. Qxd5 Re6 34. g4 hxg4 35. hxg4 g6 36.
Qd8 Re7 37. Qh8+ Kg5 38. Qxf6+ Kh6 39. Rh3# 1-0

[Event "Early-Titled-Tuesday-Blitz-September-12-2023"]
[Site "Chess.com"]
[Date "2023.09.12"]
[Round "8"]
[White "Grossboss19"]
[Black "Aradhya2000"]
[Result "0-1"]
[WhiteElo "2540"]
[BlackElo "2699"]
[TimeControl "180+1"]
[EndTime "9:28:45 PDT"]
[Termination "Aradhya2000 won on time"]

1. e4 e5 2. Nf3 Nc6 3. Bc4 Nf6 4. d3 h6 5. O-O Bc5 6. c3 d6 7. b4 Bb6 8. h3 O-O 9. Be3 Be6 10. Bb3 Bxe3 11. fxe3 Bxb3 12. axb3 d5 13. exd5 Qxd5 14. e4 Qe6 15. b5 Ne7 16. Nh4 Rfd8 17. Qe2 Ng6 18.
Nxg6 fxg6 19. Kh2 Qxb3 20. Na3 Qxc3 21. Rfc1 Qxd3 22. Qxd3 Rxd3 23. Rxc7 Rd7 24. Rxd7 Nxd7 25. Nc4 Kf8 26. Na5 Nc5 27. Rc1 Nxe4 28. Nxb7 Nf6 29.
Na5 Rb8 30. Rc5 e4 31. Nc6 Rb7 32. Re5 g5 33. Kg1 Rc7 34. Nd8 Rc1+ 35. Kf2 Rc2+ 36.
Kf1 Nh5 37. Nc6 a6 38. Nd4 Ng3+ 39. Kg1 Ra2 40. bxa6 Rxa6 41. Kf2 Ra3 42. Ne6+ Kf7 43. Nc5 Kf6 44. Nd7+ Kg6 45. Nc5 Nf5 46. Nxe4 Ra2+ 47.
Kg1 Nh4 48. g3 Nf3+ 0-1

[Event "Early-Titled-Tuesday-Blitz-September-12-2023"]
[Site "Chess.com"]
[Date "2023.09.12"]
[Round "8"]
[White "Bilan_Danila"]
[Black "Ducke13"]
[Result "0-1"]
[WhiteElo "2573"]
[BlackElo "2485"]
[TimeControl "180+1"]
[EndTime "9:28:47 PDT"]
[Termination "Ducke13 won by resignation"]

1. d4 Nf6 2. Nf3 g6 3. Bg5 Bg7 4. c3 c5 5. e3 O-O 6. Nbd2 Qb6 7. Qb3 Nc6 8. Qxb6 axb6 9. Nc4 cxd4 10. Nxb6 Ra5 11.
exd4 d6 12. Nxc8 Rxc8 13. Be2 e5 14. dxe5 dxe5 15. Nd2 e4 16. Nc4 Rxg5 17. O-O Rd8 18. Rad1 Rgd5 19. Ne3 Rxd1 20. Rxd1 Rxd1+ 21. Bxd1 Ne5 22. b4 Nd3 23. c4 Nxb4 24. Bb3 Nd7 25. a3 Nc6 26.
Kf1 Nc5 27. Bc2 Bd4 28. Nd5 f5 29. h3 Kf7 30. h4 Ke6 31. Nf4+ Kd6 32. h5 Ne7 33. g3 Be5 34. hxg6 hxg6 35. Ne2 Ne6 36. Ke1 Nd4 37. Nxd4 Bxd4 38. Ke2 Nc6 39. f3 exf3+ 40.
Kxf3 Ke5 41. g4 Na5 42. gxf5 gxf5 43. Bd3 Nb3 44. Ke2 Nc1+ 45. Kd2 Nxd3 46. Kxd3 f4 47. a4 f3 48. a5 Bc5 49. Kd2 Ke4 0-1

[Event "Early-Titled-Tuesday-Blitz-September-12-2023"]
[Site "Chess.com"]
[Date "2023.09.12"]
[Round "8"]
[White "Viacheslav92"]
[Black "Raskolnikov6"]
[Result "1-0"]
[WhiteElo "2505"]
[BlackElo "2275"]
[TimeControl "180+1"]
[EndTime "9:28:48 PDT"]
[Termination "Viacheslav92 won on time"]

1. e4 e5 2. Nf3 Nc6 3. Bb5 a6 4. Ba4 Nf6 5. O-O b5 6. Bb3 Bc5 7. a4 Rb8 8. axb5 axb5 9. Nxe5 Nxe5 10. d4 Bxd4 11. Qxd4 d6 12. f4 Nc6 13. Qc3 Ne7 14. e5 dxe5 15. fxe5 Nfd5 16. Qg3 O-O 17. Nc3 Be6 18.
Bg5 Qd7 19. Nxd5 Nxd5 20. Bh6 f6 21. Bxd5 Bxd5 22. exf6 Rb6 23. Bxg7 Re8 24. f7+ Bxf7 25.
Bf6+ Bg6 26. Rae1 Rxf6 27. Rxe8+ Qxe8 28. Rxf6 Qe4 29. h3 Qxc2 30. Qf2 Qc1+ 31. Kh2 c5 32. Rf8+ Kg7 33. Qf6+ Kh6 34. Qf4+ Qxf4+ 35. Rxf4 c4 36. Rd4 1-0

[Event "Early-Titled-Tuesday-Blitz-September-12-2023"]
[Site "Chess.com"]
[Date "2023.09.12"]
[Round "8"]
[White "VOneChess"]
[Black "allejam"]
[Result "0-1"]
[WhiteElo "2215"]
[BlackElo "2434"]
[TimeControl "180+1"]
[EndTime "9:28:48 PDT"]
[Termination "allejam won on time"]

1. e4 e5 2. Nf3 Nc6 3. Bb5 Nf6 4. O-O Nxe4 5. d4 Nd6 6. Bxc6 dxc6 7. dxe5 Nf5 8.
Qxd8+ Kxd8 9. Nc3 Be7 10. Bf4 Be6 11. Rad1+ Ke8 12. Rfe1 Rd8 13. Ne4 h6 14. c3 Bd5 15.
g4 Nh4 16. Nxh4 Bxh4 17. Rd4 Be7 18. Nf6+ Kf8 19. Nxd5 Rxd5 20. Red1 Rxd4 21. Rxd4 Ke8 22. Kg2 Bc5 23. Rc4 Be7 24. Kf3 Kd7 25. Ra4 a6 26.
Ke4 Ke6 27. Rd4 h5 28. g5 g6 29. h4 Rb8 30. Bg3 b5 31. a3 a5 32. b4 axb4 33.
axb4 Ra8 34. f4 Ra3 35. Be1 Ra1 36. Bg3 Rc1 37. Rd3 Rg1 38. Bf2 Rf1 39. Bg3 Rc1 40.
Rf3 c5 41. bxc5 Bxc5 42. Rd3 Be7 43. Rd4 Rxc3 44. Bf2 b4 0-1

[Event "Early-Titled-Tuesday-Blitz-September-12-2023"]
[Site "Chess.com"]
[Date "2023.09.12"]
[Round "8"]
[White "baki83"]
[Black "bazar-wokzal"]
[Result "1-0"]
[WhiteElo "2813"]
[BlackElo "2556"]
[TimeControl "180+1"]
[EndTime "9:28:49 PDT"]
[Termination "baki83 won by resignation"]

1. d4 Nf6 2. Nf3 e6 3. Bf4 c5 4. e3 b6 5. Nbd2 Bb7 6. Bd3 Be7 7. O-O d6 8. c3 Nbd7 9. h3 h6 10. Bh2 g5 11. Nc4 Qc7 12. e4 g4 13. e5 gxf3 14. exd6 Qc6 15. dxe7 Rg8 16. g4 h5 17. Nd6+ Kxe7 18. Bb5 Qd5 19. dxc5 Nxc5 20. Nxb7 Nxb7 21.
Qxd5 Nxd5 22. Bc6 Nc5 23. Bxa8 Rxa8 24. gxh5 Rh8 25. c4 Nf6 26. Rad1 Nce4 27. Rd3 Rxh5 28.
Rxf3 Nd2 29. Ra3 Nxf1 30. Rxa7+ Kf8 31. Kxf1 Rxh3 32. Bd6+ Kg7 33. Be5 Kg6 34. Bxf6 Kxf6 35. Rb7 Rh1+ 36. Ke2 Rc1 37. Kd3 Rf1 38. Ke3 Rc1 39.
b3 Rc2 40. Rxb6 Rxa2 41. Rb7 Rb2 42. c5 Ke5 43. b4 f5 44. c6 Kd6 45. b5 e5 46. c7 Rb3+ 47. Ke2 Rb2+ 48. Kd1 1-0

[Event "Early-Titled-Tuesday-Blitz-September-12-2023"]
[Site "Chess.com"]
[Date "2023.09.12"]
[Round "8"]
[White "El_Matador12"]
[Black "CristianS27"]
[Result "1-0"]
[WhiteElo "2618"]
[BlackElo "2512"]
[TimeControl "180+1"]
[EndTime "9:28:50 PDT"]
[Termination "El_Matador12 won by resignation"]

1. d4 Nf6 2. Bg5 Ne4 3. h4 c5 4.
d5 Qb6 5. Nd2 Nxg5 6. hxg5 g6 7.
Rb1 Bg7 8. e4 d6 9. Nc4 Qd8 10.
a4 h6 11. gxh6 Rxh6 12. Rxh6 Bxh6 13. e5 Kf8 14. Nf3 Bg4 15. Qd3 Bf5 16. Qb3 Na6 17. Bd3 Bxd3 18. Qxd3 Nb4 19. Qe4 dxe5 20. Rd1 Qd7 21. c3 Na6 22. Nfxe5 Qf5 23. Qxf5 gxf5 24. d6 exd6 25. Nxd6 Bf4 26. Nexf7 Ke7 27. g3 Bxd6 28.
Nxd6 f4 29. gxf4 Rh8 30. Ke2 b6 31. Nf5+ Kf6 32. Ne3 Nc7 33. Rd7 Ne6 34. f5 Ng7 35. Rxa7 Rd8 36. Ra6 Rd6 37. a5 1-0

[Event "Early-Titled-Tuesday-Blitz-September-12-2023"]
[Site "Chess.com"]
[Date "2023.09.12"]
[Round "8"]
[White "M_One1126"]
[Black "Fleetw00dMac"]
[Result "1-0"]
[WhiteElo "2576"]
[BlackElo "2466"]
[TimeControl "180+1"]
[EndTime "9:28:50 PDT"]
[Termination "M_One1126 won by resignation"]

1. e4 e5 2. Nc3 Nf6 3. f4 d5 4. fxe5 Nxe4 5. Qf3 Nc6 6. Bb5 Nxc3 7. dxc3 Qh4+ 8. g3 Qe4+ 9. Be3 h5 10. O-O-O Bf5 11.
Bd3 Qxf3 12. Nxf3 Bg4 13. Rhf1 O-O-O 14. Bf4 Be7 15. Rde1 Rde8 16. Nd4 Nxd4 17. cxd4 h4 18. Rg1 Be6 19. g4 g5 20. Bd2 c5 21. c3 c4 22. Bf5 Kd7 23. h3 b5 24. a3 a5 25.
Rgf1 Rb8 26. Kc2 b4 27. axb4 axb4 28. cxb4 Bxb4 29. Bxe6+ fxe6 30. Bxb4 Rxb4 31. Rf7+ Kc6 32. Re7 Rhb8 33. Rxe6+ Kc7 34. Rb1 Rb3 35. Rg6 Rxh3 36.
Rf1 Rh2+ 37. Kc1 Rd8 38. Rf7+ Rd7 39. Rxd7+ Kxd7 40. Rxg5 Rh1+ 41. Kc2 h3 42. Rh5 h2 43. g5 c3 44. g6 cxb2 45. Kxb2 Kc6 46. g7 Rg1 47.
Rxh2 Rxg7 48. Kc3 Rg3+ 49. Kb4 Rd3 50. Rh6+ 1-0

[Event "Early-Titled-Tuesday-Blitz-September-12-2023"]
[Site "Chess.com"]
[Date "2023.09.12"]
[Round "8"]
[White "Andreikka"]
[Black "PLAYER_2006_M"]
[Result "1-0"]
[WhiteElo "3009"]
[BlackElo "2872"]
[TimeControl "180+1"]
[EndTime "9:28:51 PDT"]
[Termination "Andreikka won on time"]

1. Nf3 Nf6 2. c4 g6 3. b3 Bg7 4. Bb2 O-O 5. g3 d6 6. Bg2 e5 7. O-O a5 8. Nc3 Re8 9. d3 c6 10. a3 Na6 11. b4 h6 12. Nd2 Bd7 13. b5 Nc7 14. a4 Ne6 15. Ba3 Qc7 16. Rb1 h5 17. bxc6 bxc6 18. Nde4 Nxe4 19. Nxe4 c5 20. Rb7 Qxb7 21. Nf6+ Bxf6 22. Bxb7 Rab8 23. Bg2 Nd4 24.
e3 Nb3 25. Bd5 Bxa4 26. Bb2 Bd7 27. f4 Bg4 28. Qc2 Be6 29. Bxe6 Rxe6 30. f5 gxf5 31.
Rxf5 a4 32. Rxh5 Bg7 33. Rf5 Rf6 34. Rxf6 Bxf6 35. Kf2 Kg7 36. Ba3 e4 37. dxe4 Na1 38.
Qxa4 Be5 39. Ke2 Rb1 40. Qe8 Nb3 41. Qb5 Kf6 42. Kd3 Kg7 43. Kc2 Rh1 44. Kxb3 Rxh2 45. Qd7 Rg2 46. g4 Rg3 47. Bc1 Rg1 48. Bd2 Rg2 49.
Bc3 1-0

[Event "Early-Titled-Tuesday-Blitz-September-12-2023"]
[Site "Chess.com"]
[Date "2023.09.12"]
[Round "8"]
[White "FARIZA2018"]
[Black "RCone"]
[Result "1-0"]
[WhiteElo "2519"]
[BlackElo "2346"]
[TimeControl "180+1"]
[EndTime "9:28:51 PDT"]
[Termination "FARIZA2018 won on time"]

1. e4 d6 2. d4 Nf6 3. Nc3 g6 4. Be3 c6 5. a4 Bg7 6. f3 Nbd7 7. Qd2 O-O 8. g4 e5 9. Nge2 d5 10. g5 exd4 11. Nxd4 Nh5 12. O-O-O dxe4 13. Nxe4 Ne5 14. Be2 Qe7 15. Ng3 Nxg3 16. hxg3 Re8 17. Bf4 Be6 18. Kb1 Rad8 19. Qe1 Bd5 20. Qf2 Nc4 21. Bxc4 Bxc4 22. Qh2 Rxd4 23. Qxh7+ Kf8 24. Rxd4 Bxd4 25. Rd1 c5 26. c3 Qe2 27. Bd6+ Re7 28. Rxd4 Qe1+ 29.
Kc2 Qe2+ 30. Rd2 Bd3+ 31. Kb3 Qe6+ 32. Ka3 Ke8 33. Rxd3 c4 34. Qg8+ Kd7 35. Bxe7+ cxd3 36. Qd8+ Kc6 37. Bb4 1-0

[Event "Early-Titled-Tuesday-Blitz-September-12-2023"]
[Site "Chess.com"]
[Date "2023.09.12"]
[Round "8"]
[White "jk13"]
[Black "Jaka_Brilej"]
[Result "1-0"]
[WhiteElo "2675"]
[BlackElo "2444"]
[TimeControl "180+1"]
[EndTime "9:28:52 PDT"]
[Termination "jk13 won by resignation"]

1. e4 e6 2. d3 d5 3. Qe2 dxe4 4. dxe4 Nc6 5. Nf3 e5 6. g3 Bc5 7. Bg2 Nf6 8. O-O O-O 9. c3 a5 10. a4 b6 11. Rd1 Qe7 12. h3 Ba6 13. Qe1 Rfd8 14. Rxd8+ Rxd8 15. Bg5 Qe6 16. Nbd2 h6 17. Bxf6 Qxf6 18. Bf1 Bxf1 19. Qxf1 Ne7 20. Kg2 Ng6 21.
Nc4 Qe6 22. b3 f6 23. Rd1 Qe7 24. Rd3 Nf8 25. Qd1 Ne6 26. Nh4 Rxd3 27. Qxd3 Qd8 28. Qf3 Qd7 29. Nf5 Ng5 30. Qe2 Qc6 31. Nd2 Bf8 32.
h4 Ne6 33. Qd3 Nc5 34. Qc4+ Qe6 35. Qxe6+ Nxe6 36. h5 Kf7 37. Kf3 Bc5 38. Ke2 Ng5 39. f3 Ne6 40. Kd3 Ke8 41. Kc4 Kd7 42. b4 axb4 43.
cxb4 Bf2 44. a5 bxa5 45. bxa5 Kc6 46. Nb3 Ba7 47. Nc1 Nd4 48. Nxd4+ Bxd4 49. Nd3 Ba7 50. Nb4+ Kd6 51. Kb5 Bf2 52. g4 Be1 53. a6 Bf2 54. Nc6 1-0